 Dungeon Crawl Stone Soup version 0.30-a0-757-ga6a79fd877 (webtiles) character file.

Game seed: 17804180455245891199

90 dolemite99 the Magician (level 4, 0/31 HPs)
             Began as a Djinni Conjurer on Feb 10, 2023.
             Killed from afar by an orc wizard (6 damage)
             ... with a magic dart
             ... on level 4 of the Dungeon.
             The game lasted 00:02:53 (3038 turns).

dolemite99 the Magician (Djinni Conjurer)           Turns: 3038, Time: 00:02:54

Health: 0/31       AC:  2    Str:  6    XL:     4   Next: 85%
Gold:   139        EV: 27    Int: 21    God:
                   SH:  0    Dex: 12

rFire   + + .      SeeInvis .    g - +0 whip
rCold   x . .      Faith    .    (no shield)
rNeg    . . .      Spirit   .    a - +0 robe
rPois   ∞          Reflect  .    (no helmet)
rElec   .          Harm     .    (no cloak)
rCorr   .          Rampage  .    (no gloves)
Will    .....                    (boots unavailable)
Stlth   ++                       l - amulet of the acrobat
HPRegen 0.25/turn                (no ring)
MPRegen 0.00/turn                (no ring)

@: acrobatic, flying
A: sickness immunity, fire resistance 2, cold vulnerability 1, float, innate
caster, HP casting, extra vitality 1
a: no special abilities


You were on level 4 of the Dungeon.
You visited 1 branch of the dungeon, and saw 4 of its levels.

You collected 139 gold pieces.

Inventory:

Hand Weapons
 g - a +0 whip (weapon)
 r - a +0 sling
Armour
 a - a +0 robe (worn)
 o - a +0 helmet
Jewellery
 l - an amulet of the acrobat (around neck)
Scrolls
 d - a scroll of magic mapping {unknown}
 e - 4 scrolls of teleportation {unknown}
 h - a scroll of fog
 j - a scroll of enchant armour {unknown}
 k - 2 scrolls of identify {unknown}
 n - a scroll of enchant weapon {unknown}
 q - a scroll of poison {unknown}
 s - 2 scrolls of noise
Potions
 b - a potion of magic
 c - a potion of ambrosia {unknown}
 f - 2 potions of heal wounds {unknown}
 i - 3 potions of curing {unknown}
 m - a potion of attraction {unknown}
 p - a potion of cancellation {unknown}


   Skills:
 - Level 2.1 Dodging
 - Level 1.5 Stealth
 + Level 4.6 Spellcasting


You couldn't memorise any spells.
You knew the following spells:

 Your Spells              Type           Power      Damage    Failure   Level
a - Magic Dart            Conj           96%        1d7       1%          1
b - Searing Ray           Conj           48%        2d6       2%          2
c - Dazzling Flash        Conj/Hex       48%        N/A       4%          3
d - Fulminant Prism       Conj/Hex       12%        3d9       17%         4
e - Iskenderun's Mystic   Conj/Tloc      24%        2d7       17%         4
f - Sting                 Tmut/Pois      96%        1d7       1%          1
Your spell library was empty.

Dungeon Overview and Level Annotations

Branches:
Dungeon (4/15)
 Temple: D:4-7

Altars:


Innate Abilities, Weirdness & Mutations

You are immune to sickness and miasma.
You are immune to poison.
Your flesh is very heat resistant. (rF++)
You are vulnerable to cold. (rC-)
You float through the air rather than walking.
You learn spells naturally, not from books.
Your magical power is your life essence.
You have superior vitality. (+4 MHP)


Message History

The orc wizard gestures at you while chanting.
The magic dart hits you!
Casting: Dazzling Flash (dangerous; 4% risk of failure)
Confirm with . or Enter, or press ? or * to list all spells.
You can't see any susceptible monsters within range! (Use Z to cast anyway.)
The orc wizard is no longer blind.
Casting: Dazzling Flash (dangerous; 4% risk of failure)
Confirm with . or Enter, or press ? or * to list all spells.
Casting: Dazzling Flash (dangerous; 4% risk of failure)
Press: ? - help, Dir - look around, f - activate The orc wizard is dazzled.
Casting: Dazzling Flash (dangerous; 4% risk of failure)
Confirm with . or Enter, or press ? or * to list all spells.
Aiming: Magic Dart (safe; 1% risk of failure)
Press: ? - help, Shift-Dir - straight line, f - orc wizard
Aim: an orc wizard, wielding a +0 dagger and wearing a +0 robe (blind, 100% to hit)
The magic dart hits the orc wizard.
The orc wizard is lightly wounded.
Casting: Magic Dart (safe; 1% risk of failure)
Confirm with . or Enter, or press ? or * to list all spells.
Aiming: Searing Ray (safe; 2% risk of failure)
Press: ? - help, Shift-Dir - straight line, f/p - orc wizard
Aim: an orc wizard, wielding a +0 dagger and wearing a +0 robe (lightly wounded, blind, 74% to hit)
The searing ray hits the orc wizard!
The orc wizard is severely wounded. (Press . to maintain the ray.)
The orc closely misses you.
The orc wizard gestures at you while chanting.
You resist with some effort.
The searing ray hits the orc wizard.
The orc wizard is almost dead.
Something closely misses you. The orc hits you with a +0 mace.
The orc wizard completely misses you.
The searing ray hits the orc wizard.
The orc wizard is almost dead.
The orc wizard is no longer blind.
The orc hits you with a +0 mace.
* * * LOW HITPOINT WARNING * * *
The orc wizard gestures at you while chanting.
The magic dart hits you.
You die...

+..........
#########..!.......
............)......
...................
...................
...................
.........#######+##
........o#...#
......o@.#...#
.........'...#
.........#...#
.........#####
####....<...#
#........#
#........#
#........#
#........#


You could see an orc wizard and an orc.

Vanquished Creatures
  A gnoll (D:1)
  2 adders (D:3)
  2 worms (D:2)
  2 dart slugs
  An orc (D:4)
  4 ball pythons
  4 endoplasms
  3 giant cockroaches
  2 goblins
  8 jackals (D:3)
  6 kobolds
  2 quokkas
  5 bats
  5 frilled lizards
  2 rats
49 creatures vanquished.

Vanquished Creatures (others)
  A fungus (D:2)
  3 toadstools (D:2)
4 creatures vanquished.

Grand Total: 53 creatures vanquished

Notes
Turn   | Place    | Note
-------+----------+-------------------------------------------
     0 | D:1      | dolemite99 the Djinni Conjurer began the quest for the Orb.
     0 | D:1      | dolemite99 set off with the following spells memorised:
                  | Magic Dart, Searing Ray, Dazzling Flash, Fulminant Prism,
                  | Iskenderun's Mystic Blast.
     0 | D:1      | Reached XP level 1. HP: 15/15 MP: 0/0
   258 | D:1      | Reached XP level 2. HP: 20/21 MP: 0/0
   697 | D:2      | Reached XP level 3. HP: 24/25 MP: 0/0
   697 | D:2      | Learned a level 1 spell: Sting
   924 | D:2      | Reached skill level 4 in Spellcasting
  1580 | D:3      | Reached XP level 4. HP: 20/31 MP: 0/0
  3038 | D:4      | Killed from afar by an orc wizard

Illustrated notes

Levels and vault maps discovered:
D:1:      dpeg_arrival_simpleton_a, layout_loops_cross, minmay_misc_feat_tower,
          chequers_serial_rivers_marsh, minmay_pentomino_w2
D:2:      layout_loops_ring, minmay_gold_behind_fungi
D:3:      layout_loops_ring
D:4:      layout_gridville, yredelemnul_forgotten_temple_becter, tso_altar,
          uniq_menkaure

Skill      XL: |  1  2  3 |
---------------+----------+-----
Spellcasting   | 4 |  4.6
Dodging        | |  2.1
Stealth        | |  1.5

Action                     |  1- 3 |  4- 6 || total
---------------------------+-------+-------++-------
  Melee: Unarmed           |     8 |       ||     8
         Whip              |     2 |     1 ||     3
   Cast: Magic Dart        |    39 |    15 ||    54
         Searing Ray       |    11 |    20 ||    31
         Dazzling Flash    |       |     2 ||     2
    Use: Scroll            |       |     3 ||     3
 Armour: Robe              |     1 |     2 ||     3
  Dodge: Dodged            |    21 |    14 ||    35

Table legend: (Time is in decaauts)
 A = Elapsed time spent in this place.
 B = Non-inter-level travel time spent in this place.
 C = Inter-level travel time spent in this place.
 D = Time resting spent in this place.
 E = Time spent auto-exploring this place.
 F = Levels seen in this place.
 G = Mean time per level.
                   A        B        C        D        E       F      G
               +--------+--------+--------+--------+--------+-----+--------+
         Total |   3036 |   3006 |     30 |    529 |   1960 |   4 |  759.0 |
       Dungeon |   3036 |   3006 |     30 |    529 |   1960 |   4 |  759.0 |
               +--------+--------+--------+--------+--------+-----+--------+

Top non-repeatable levels by time:
     D:3: 1464 daAuts
     D:2: 829 daAuts
     D:1: 693 daAuts
     D:4: 48 daAuts
